 Dungeon Crawl Stone Soup version 0.21-a0-244-gd4adca8 (webtiles) character file.

47958 JackS81 the Carver (level 14, -1/122 HPs)
             Began as a Centaur Fighter on Sept 4, 2017.
             Was a High Priest of Qazlal.
             Succumbed to a queen ant's poison
             ... on level 6 of the Lair of Beasts on Sept 5, 2017.
             The game lasted 01:48:48 (17062 turns).

JackS81 the Carver (Centaur Fighter)               Turns: 17062, Time: 01:48:49

Health: -1/122     AC: 24    Str: 35    XL:     14   Next: 10%
Magic:  20/20      EV:  5    Int:  9    God:    Qazlal [*****.]
Gold:   966        SH: 17    Dex:  6    Spells: 13/13 levels left

rFire    . . .     SeeInvis +   u - +2 long sword (holy)
rCold    . . .     Gourm    .   c - +0 shield
rNeg     + + .     Faith    .   y - +4 robe of Indemnity {MR+ Int+2 SInv}
rPois    .         Spirit   .   (helmet restricted)
rElec    +         Reflect  +   t - +1 cloak
rCorr    .         Harm     .   G - +1 pair of gloves {Str+3}
MR       ++...                  h - +5 centaur barding of Circular Logic {*Slow rElec Regen+ Str+7}
Stlth    ..........             e - +2 amulet of reflection
HPRegen  0.70/turn              g - ring of positive energy
MPRegen  0.17/turn              I - ring of positive energy

@: lethally poisoned (-1 -> -29), hasted, repel missiles, very quick
A: beak, hooves 3, blink, clumsy 1, deformed body, speed 2, screaming 1, tough
skin 3
a: Blink, Upheaval, Elemental Force, Disaster Area, Renounce Religion


You were on level 6 of the Lair of Beasts.
You worshipped Qazlal.
Qazlal was extremely pleased with you.
You were not hungry.

You visited 3 branches of the dungeon, and saw 17 of its levels.

You collected 1048 gold pieces.
You spent 82 gold pieces at shops.

Inventory:

Hand Weapons
 u - a +2 long sword of holy wrath (weapon)
 x - a +1 short sword of speed
 z - a +4 falchion
 O - a +1 longbow of flaming
 W - the +3 spear "Moogat" {pain, rC+ rN+ Str-4 SInv, unknown}
   (You found it on level 6 of the Lair of Beasts)

   In the hands of one skilled in necromantic magic, it inflicts extra damage on
   living creatures.
   It affects your strength (-4).
   It protects you from cold.
   It protects you from negative energy.
   It lets you see invisible.
 X - a +1 scimitar of flaming
Missiles
 o - 428 arrows
 M - 11 javelins (quivered)
Armour
 c - a +0 shield (worn)
 h - the +5 centaur barding of Circular Logic (worn) {*Slow rElec Regen+ Str+7}
   (You acquired it on level 2 of the Lair of Beasts)

   It affects your strength (+7).
   It insulates you from electricity.
   It increases your rate of regeneration.
   It may slow you when you take damage.
 l - a +2 centaur barding of fire resistance
 t - a +1 cloak (worn)
 y - the +4 robe of Indemnity (worn) {MR+ Int+2 SInv}
   (You found it on level 2 of the Lair of Beasts)

   It affects your intelligence (+2).
   It affects your resistance to hostile enchantments.
   It lets you see invisible.
 C - a +0 plate armour
 G - a +1 pair of gloves of strength (worn)
Jewellery
 e - a +2 amulet of reflection (around neck)
 g - a ring of positive energy (left hand)
 i - an uncursed ring of wizardry
 m - the ring "Puassiep" {Wiz *Slow MR+ Stlth+}
   (You found it on level 6 of the Dungeon)

   [ring of wizardry]

   It improves your spell success rate.
   It affects your resistance to hostile enchantments.
   It may slow you when you take damage.
   It makes you more stealthy.
 I - a ring of positive energy (right hand)
Wands
 a - a wand of iceblast (6/15)
 j - a wand of disintegration (7/24)
 r - a wand of flame (24/48)
 A - a wand of lightning (7/15)
 D - a wand of scattershot (6/9)
 Q - a wand of random effects (13/48)
 R - a wand of scattershot (4/9)
 S - a wand of clouds (3/9)
 Y - a wand of lightning (5/15)
Scrolls
 n - 4 scrolls of immolation
 p - a scroll of torment
 q - a scroll of enchant weapon
 w - 4 scrolls of amnesia
 B - a scroll of recharging
 F - a scroll of fog
 H - a scroll of enchant armour
 K - a scroll of blinking
 L - 2 scrolls of identify
 T - 2 scrolls of remove curse
 U - 4 scrolls of teleportation
Potions
 d - a potion of magic
 Z - 3 potions of brilliance
Books
 N - the Incunabulum of Virous Ice
   (You found it on level 1 of the Lair of Beasts)

   Spells                             Type                      Level
   a - Sting                          Conjuration/Poison           1
   b - Ensorcelled Hibernation        Hexes/Ice                    2
   c - Ozocubu's Armour               Charms/Ice                   3
   d - Ignite Poison                  Fire/Transmutation/Poison    3
   e - Venom Bolt                     Conjuration/Poison           5
   f - Bolt of Cold                   Conjuration/Ice              6
Miscellaneous
 s - a box of beasts
Comestibles
 f - 9 bread rations
 v - 8 meat rations
 E - 7 chunks of flesh
 J - 10 royal jellies
 P - 6 fruits


   Skills:
 + Level 10.5 Fighting
 - Level 14.2 Long Blades
 * Level 10.7 Bows
 * Level 9.6 Armour
 - Level 2.1 Shields
 * Level 8.8 Invocations


You had 13 spell levels left.
You didn't know any spells.

Dungeon Overview and Level Annotations

Branches:
Dungeon (10/15)            Temple (1/1) D:5            Lair (6/6) D:10
  Swamp (0/4) Lair:4       Spider (0/4) Lair:4
  Slime: Lair:5-6       Orc: D:9-12

Altars:
Ashenzari
Cheibriados
Dithmenos
Elyvilon
Fedhas
Gozag
Hepliaklqana
Kikubaaqudgha
Makhleb
Nemelex Xobeh
Okawaru
Qazlal
Ru
Sif Muna
Trog
Uskayaw
Vehumet
Wu Jian
Xom
Yredelemnul
Zin
The Shining One

Shops:
D:4 (   D:6 [   D:9 *   D:10 :?}?*


Innate Abilities, Weirdness & Mutations

You have hooves in place of feet.
Armour fits poorly on your strangely shaped body.
You cover ground very quickly.
You have extremely tough skin. (AC +3)
You have a beak for a mouth.
You can translocate small distances at will.
You are clumsy. (Dex -2)
You occasionally shout uncontrollably at your foes.


Message History

You kill the worker ant!
Qazlal accepts your kill.
* * * LOW HITPOINT WARNING * * *
You feel sick.
* * * LOW HITPOINT WARNING * * *
You feel sick.
* * * LOW HITPOINT WARNING * * *
You feel sick.
* * * LOW HITPOINT WARNING * * *
You feel sick.
Okay, then.
* * * LOW HITPOINT WARNING * * *
You feel sick.
* * * LOW HITPOINT WARNING * * *
You feel sick.
* * * LOW HITPOINT WARNING * * *
You feel sick.
Eat one of 7 chunks of flesh? (ye/n/q)
You eat one of the 11 royal jellies.
That royal jelly was delicious!
You die...

##### #### ##...## ...##
#.....# .§..# #...###...#
###..#..#@.# ##..
##...###...## ###.... #....
#.....# ... ###.....#
##...###.§.###...##.P....##
###..#.†#..#..###......##.
##..†###...###...P..##..
#[..†.# ....#......##...
##...###...##..#.#'#P...
###..#†.###....##..PPP.


There were no monsters in sight!

Vanquished Creatures
  Rupert (Lair:3)
  2 entropy weavers (Lair:6)
  Nessos (Lair:5)
  6 hydras
  A centaur warrior (D:8)
  Erica (D:8)
  A queen ant (Lair:6)
  4 two-headed ogres
  4 death yaks (Lair:4)
  Sonja (Lair:3)
  16 elephants
  6 black mambas
  3 torpor snails (Lair:1)
  2 rime drakes
  9 spiny frogs
  2 komodo dragons
  2 hornets
  A polar bear (Lair:5)
  Prince Ribbit (D:8)
  8 hippogriffs
  10 blink frogs
  3 redbacks (Lair:6)
  7 wyverns
  34 yaks
  A hungry ghost (D:9)
  A basilisk (Lair:6)
  12 soldier ants (Lair:6)
  19 water moccasins
  5 porcupines
  The ghost of Alateas the Vexing, an amateur SpEn (D:4)
  An orc warrior (D:6)
  An ice beast (D:6)
  3 phantoms
  A black bear (Lair:5)
  3 sky beasts
  5 wolves (Lair:6)
  6 centaurs
  6 ogres
  4 crocodiles
  A gnoll sergeant (D:6)
  A big kobold (D:9)
  12 bullfrogs
  A wyvern skeleton (D:9)
  8 scorpions
  A water moccasin skeleton (D:7)
  5 wights (D:9)
  4 howler monkeys
  A quasit (D:9)
  6 hounds
  A bullfrog skeleton (D:5)
  4 crimson imps
  2 jellies
  Crazy Yiuf (D:2)
  An orc priest (D:8)
  2 centaur skeletons
  Jessica (D:3)
  8 orc wizards
  Ijyb (D:4)
  21 worker ants
  2 hound skeletons
  2 worker ant zombies
  A howler monkey zombie (D:6)
  8 adders
  12 gnolls
  4 oozes
  6 worms
  7 leopard geckos
  32 orcs
  A ball python (D:4)
  8 giant cockroaches
  7 goblins
  4 hobgoblins
  3 jackals (D:9)
  6 kobolds
  3 quokkas
  6 bats
  4 frilled lizards
  A quokka skeleton (D:8)
  7 rats
  A spectral orc (D:9)
  2 plants
404 creatures vanquished.

Vanquished Creatures (collateral kills)
  A hornet (Lair:6)
  A yak (Lair:6)
  A water moccasin (Lair:6)
  2 crocodiles
5 creatures vanquished.

Vanquished Creatures (others)
  An orc (D:8)
  29 fungi
  30 plants
60 creatures vanquished.

Grand Total: 469 creatures vanquished

Notes
Turn   | Place    | Note
-------+----------+-------------------------------------------
     0 | D:1      | JackS81 the Centaur Fighter began the quest for the Orb.
     0 | D:1      | Reached XP level 1. HP: 19/19 MP: 1/1
    60 | D:1      | Reached skill level 2 in Long Blades
   200 | D:1      | Reached XP level 2. HP: 23/26 MP: 2/2
   394 | D:1      | Reached skill level 3 in Long Blades
   613 | D:1      | Reached XP level 3. HP: 27/31 MP: 3/3
  1001 | D:2      | Found an opulent altar of Gozag.
  1064 | D:2      | Found a runed door.
  1068 | D:2      | Noticed Crazy Yiuf
  1075 | D:2      | Killed Crazy Yiuf
  1552 | D:3      | Reached XP level 4. HP: 31/38 MP: 4/4
  1559 | D:3      | Reached skill level 4 in Long Blades
  1855 | D:3      | Noticed Jessica
  1871 | D:3      | Killed Jessica
  2327 | D:3      | Reached XP level 5. HP: 45/45 MP: 5/5
  2392 | D:3      | Found a snail-covered altar of Cheibriados.
  2582 | D:4      | Noticed Ijyb
  2585 | D:4      | Noticed Alateas's ghost (amateur SpEn)
  2593 | D:4      | Killed Ijyb
  2593 | D:4      | Reached skill level 5 in Long Blades
  2600 | D:4      | You fall through a shaft for 2 floors!
  2640 | D:6      | Noticed an ice beast
  2664 | D:6      | Killed an ice beast
  2664 | D:6      | Reached XP level 6. HP: 26/51 MP: 6/6
  2833 | D:6      | Reached skill level 6 in Long Blades
  2910 | D:5      | Entered Level 5 of the Dungeon
  3013 | D:6      | Reached XP level 7. HP: 29/57 MP: 7/7
  3105 | D:5      | Reached skill level 7 in Long Blades
  3270 | D:4      | Found Diaprij's Weapon Shop.
  3299 | D:4      | Reached skill level 8 in Long Blades
  3339 | D:4      | Killed Alateas's ghost
  3642 | D:4      | Reached XP level 8. HP: 53/63 MP: 8/8
  4299 | D:5      | Found a shadowy altar of Dithmenos.
  4302 | D:5      | Found a burning altar of Makhleb.
  4317 | D:5      | Found a deep blue altar of Sif Muna.
  4325 | D:5      | Found an ornate altar of the Wu Jian Council.
  4390 | D:5      | Gained mutation: You are clumsy. (Dex -2) [potion of mutation]
  4390 | D:5      | Gained mutation: You occasionally shout uncontrollably at your foes. [potion of mutation]
  4390 | D:5      | Gained mutation: You have a beak for a mouth. [potion of mutation]
  4520 | D:5      | Reached skill level 9 in Long Blades
  4538 | D:5      | Found a staircase to the Ecumenical Temple.
  4546 | Temple   | Entered the Ecumenical Temple
  4620 | Temple   | Became a worshipper of Qazlal Stormbringer
  4803 | D:6      | Reached skill level 1 in Bows
  4810 | D:6      | Got a vibrating platinum ring
  4828 | D:6      | Identified the ring "Puassiep" {Wiz *Slow MR+ Stlth+} (You found it on level 6 of the Dungeon)
  4984 | D:6      | Reached * piety under Qazlal
  5151 | D:6      | Found Ciatuitz's Armour Boutique.
  5483 | D:7      | Reached XP level 9. HP: 70/70 MP: 9/9
  5646 | D:7      | Reached skill level 10 in Long Blades
  6048 | D:8      | Noticed a centaur warrior
  6246 | D:8      | Found an ancient bone altar of Kikubaaqudgha.
  6255 | D:8      | Killed a centaur warrior
  6255 | D:8      | Reached skill level 1 in Invocations
  6525 | D:8      | Noticed a two-headed ogre
  6545 | D:8      | Killed a two-headed ogre
  6545 | D:8      | Reached skill level 5 in Armour
  6997 | D:8      | Noticed Erica
  6998 | D:8      | Noticed a two-headed ogre
  7024 | D:8      | Killed Erica
  7024 | D:8      | Reached skill level 11 in Long Blades
  7024 | D:8      | Reached XP level 10. HP: 39/78 MP: 11/11
  7026 | D:8      | Killed a two-headed ogre
  7396 | D:8      | Gained mutation: You can translocate small distances at will. [mutagenic meat]
  7397 | D:8      | Noticed Prince Ribbit
  7411 | D:8      | Killed Prince Ribbit
  7540 | D:9      | Noticed a two-headed ogre
  7561 | D:9      | Killed a two-headed ogre
  7561 | D:9      | Reached skill level 5 in Bows
  7948 | D:9      | Reached ** piety under Qazlal
  8034 | D:9      | Paralysed by fainting for 10 turns
  8543 | D:9      | Found Caug's Assorted Antiques.
  8888 | D:9      | Reached XP level 11. HP: 85/85 MP: 14/14
  9036 | D:9      | Found a basalt altar of Yredelemnul.
  9109 | D:9      | Reached skill level 5 in Fighting
  9260 | D:9      | Reached skill level 12 in Long Blades
  9354 | D:10     | Entered Level 10 of the Dungeon
  9418 | D:10     | Found a staircase to the Lair.
  9554 | D:10     | Found Negh's Gadget Boutique.
  9570 | D:10     | Reached *** piety under Qazlal
  9615 | D:10     | Found Witaloel's Magic Scroll Emporium.
  9621 | D:10     | Bought a scroll of torment for 82 gold pieces
  9636 | D:10     | Found Vauvagish's Magic Scroll Shop.
  9657 | D:10     | Noticed a two-headed ogre
  9667 | D:10     | Killed a two-headed ogre
 10103 | D:10     | Found Nauxkux's Book Boutique.
 10211 | D:10     | Found Zylaokh's General Store.
 10306 | Lair:1   | Entered Level 1 of the Lair of Beasts
 10569 | Lair:1   | HP: 4/88 [poisoned by a spiny frog]
 10575 | Lair:1   | HP: 3/88 [poisoned by a spiny frog]
 10582 | Lair:1   | HP: 2/88 [poisoned by a spiny frog]
 10588 | Lair:1   | HP: 2/88 [poisoned by a spiny frog]
 10593 | Lair:1   | HP: 2/88 [poisoned by a spiny frog]
 10598 | Lair:1   | HP: 2/88 [poisoned by a spiny frog]
 11138 | Lair:1   | Identified the Incunabulum of Virous Ice
 11241 | Lair:1   | Found a snail-covered altar of Cheibriados.
 12567 | Lair:2   | Upgraded the game from 0.21-a0-243-g597973d to 0.21-a0-244-gd4adca8
 12658 | Lair:2   | Reached skill level 5 in Invocations
 12762 | Lair:2   | Identified a scroll of acquirement
 12763 | Lair:2   | Got a faintly humming centaur barding
 12769 | Lair:2   | Identified the +5 centaur barding of Circular Logic {*Slow rElec Regen+ Str+7} (You acquired it on level 2 of the Lair of Beasts)
 12897 | Lair:2   | Got a fine robe
 13137 | Lair:2   | Noticed a four-headed hydra
 13145 | Lair:2   | Killed a two-headed hydra
 13145 | Lair:2   | Reached skill level 13 in Long Blades
 13226 | Lair:3   | Noticed an eight-headed hydra
 13233 | Lair:3   | Killed a four-headed hydra
 13233 | Lair:3   | Reached XP level 12. HP: 57/95 MP: 14/16
 13255 | Lair:3   | Noticed Sonja
 13279 | Lair:3   | Killed Sonja
 13406 | Lair:3   | Noticed an eight-headed hydra
 13416 | Lair:3   | Killed a six-headed hydra
 13479 | Lair:3   | Noticed Rupert
 13495 | Lair:3   | Killed Rupert
 13592 | Lair:3   | Identified the +4 robe of Indemnity {MR+ Int+2 SInv} (You found it on level 2 of the Lair of Beasts)
 14311 | Lair:4   | Noticed a six-headed hydra
 14321 | Lair:4   | Killed a four-headed hydra
 14567 | Lair:4   | Noticed a death yak
 14568 | Lair:4   | Noticed a death yak
 14570 | Lair:4   | Noticed a death yak
 14571 | Lair:4   | Noticed a death yak
 14596 | Lair:4   | Killed a death yak
 14603 | Lair:4   | Killed a death yak
 14616 | Lair:4   | Killed a death yak
 14616 | Lair:4   | Reached skill level 14 in Long Blades
 14632 | Lair:4   | Killed a death yak
 14650 | Lair:4   | Paralysed by a hornet for 2 turns
 14734 | Lair:4   | Found a hole to the Spider Nest.
 14790 | Lair:4   | Reached XP level 13. HP: 94/105 MP: 17/17
 14975 | Lair:4   | Found a staircase to the Swamp.
 15200 | Lair:5   | Noticed Nessos
 15209 | Lair:5   | Killed Nessos
 15473 | Lair:5   | Reached **** piety under Qazlal
 16133 | Lair:6   | Entered Level 6 of the Lair of Beasts
 16353 | Lair:6   | Reached ***** piety under Qazlal
 16414 | Lair:6   | Reached skill level 10 in Bows
 16479 | Lair:6   | Got a twisted spear
 16558 | Lair:6   | Paralysed by a hornet for 2 turns
 16622 | Lair:6   | Noticed an entropy weaver
 16622 | Lair:6   | Noticed an entropy weaver
 16654 | Lair:6   | Reached skill level 10 in Fighting
 16670 | Lair:6   | Killed an entropy weaver
 16704 | Lair:6   | Killed an entropy weaver
 16704 | Lair:6   | Reached XP level 14. HP: 31/122 MP: 11/20
 17058 | Lair:6   | HP: 5/122 [poisoned by a queen ant]
 17061 | Lair:6   | HP: 1/122 [poisoned by a queen ant]
 17062 | Lair:6   | Succumbed to a queen ant's poison

Vault maps used:
D:1:      dpeg_arrival_boxorama
D:2:      minmay_wonky_spiral, grunt_gozag_statues, first_bread,
          uniq_crazy_yiuf_cottage
D:3:      kennysheep_slug_shrine, kennysheep_cross_bottleneck, uniq_jessica
D:4:      serial_shops, shop, kennysheep_nondescript, uniq_ijyb
D:5:      grunt_temple_overflow_cloverleaf, minmay_temple_entry_mist
D:6:      serial_shops, nicolae_shop_behind_doors
D:8:      overflow_temple_1_default, uniq_erica, uniq_prince_ribbit1
D:9:      yredelemnul_forgotten_temple_becter, serial_shops, shop
D:10:     dpeg_oklobed_lair, serial_shops, kennysheep_little_box, shop, shop,
          nicolae_shop_waterfront, shop
Temple:   jpeg_temple_clearing
Lair:1:   kennysheep_snail_temple
Lair:3:   uniq_rupert, uniq_sonja
Lair:4:   swamp_mist, nicolae_spider_entry_non_spiders, serial_bayou_shore_a
Lair:5:   minmay_slime_entry_oklob_enclosed, kennysheep_catoblepas_arena,
          lemuel_fruit_fields, uniq_nessos
Lair:6:   guppyfry_lair_end_dragon, hangedman_lair_tendril_chambers,
          zaba_antful_of_joy

Skill      XL: |  1  2  3  4  5  6  7  8  9 10 11 12 13 |
---------------+----------------------------------------+-----
Long Blades    | 2 3 4 5 6 8 9 11 13 14 | 14.2
Armour         | 3 4 5 6 8 9 |  9.6
Bows           | 1 4 5 6 8 10 | 10.7
Invocations    | 2 4 5 6 8 |  8.8
Fighting       | 4 5 7 10 | 10.5
Shields        | |  2.1

Action                   |  1- 3 |  4- 6 |  7- 9 | 10-12 | 13-15 || total
-------------------------+-------+-------+-------+-------+-------++-------
Melee: Long sword        |    92 |    46 |    86 |    12 |   120 ||   356
       Kick              |    18 |    27 |    87 |   203 |   171 ||   506
       Falchion          |       |    79 |   274 |   507 |   289 ||  1149
       Peck              |       |       |    33 |   133 |   122 ||   288
       Scimitar          |       |       |       |    82 |    78 ||   160
 Fire: Longbow           |       |       |       |       |    15 ||    15
Throw: Javelin           |       |       |     9 |     7 |    12 ||    28
Invok: Upheaval          |       |       |       |     6 |     4 ||    10
       Elemental Force   |       |       |       |     2 |     2 ||     4
Evoke: Wand              |       |     3 |       |     5 |     2 ||    10
  Use: Scroll            |       |       |    13 |    12 |     2 ||    27
       Potion            |       |       |    11 |     6 |     5 ||    22
 Stab: Confused          |       |       |       |     3 |     1 ||     4
  Eat: Chunk             |     1 |     3 |    10 |    18 |     6 ||    38
       Fruit             |       |     1 |     1 |     4 |       ||     6
       Bread ration      |       |       |       |     1 |       ||     1
       Royal jelly       |       |       |       |       |     1 ||     1
Armor: Scale mail        |    44 |    57 |    98 |   136 |       ||   335
       Robe              |       |       |       |    42 |   153 ||   195
Dodge: Dodged            |    13 |    17 |    51 |    64 |    28 ||   173
Block: Shield            |    46 |    58 |   138 |   265 |   266 ||   773
       Reflection        |       |       |     4 |    11 |     3 ||    18
       Other             |       |       |       |       |     4 ||     4
       Rpst.: Long sword |     3 |       |     1 |     1 |     1 ||     6
       Falchion          |       |     7 |    16 |    17 |     6 ||    46
       Scimitar          |       |       |       |     1 |     2 ||     3

Table legend:
 A = Spawn XP
 B = Non-spawn XP
 C = Spawn XP percentage of total XP
 D = Spawn monster count
 E = Non-spawn monster count
 F = Spawn count percentage of total count
 G = Total turns spent on level
                    A         B        C        D         E        F      G
               +---------+---------+-------+---------+---------+-------+---------
         Total |    7511 |   61001 |  11.0 |      43 |     364 |  10.6 | 17062
               +---------+---------+-------+---------+---------+-------+---------
           D:1 |       6 |      36 |  14.3 |       3 |      19 |  13.6 |   848
           D:2 |       0 |      51 |   0.0 |       0 |       8 |   0.0 |   677
           D:3 |       4 |     102 |   3.8 |       2 |      15 |  11.8 |   986
           D:4 |     190 |     669 |  22.1 |       6 |      17 |  26.1 |  1079
           D:5 |       0 |     459 |   0.0 |       0 |      16 |   0.0 |   725
           D:6 |     138 |    1065 |  11.5 |       2 |      28 |   6.7 |  1049
           D:7 |       0 |     582 |   0.0 |       0 |      11 |   0.0 |   739
           D:8 |     121 |    4294 |   2.7 |       4 |      21 |  16.0 |  1335
           D:9 |     220 |    3331 |   6.2 |       7 |      35 |  16.7 |  1821
          D:10 |       0 |    1550 |   0.0 |       0 |      15 |   0.0 |   952
        Lair:1 |      48 |    4817 |   1.0 |       1 |      18 |   5.3 |  2234
        Lair:2 |    1010 |    2405 |  29.6 |       1 |      12 |   7.7 |   641
        Lair:3 |       0 |    6189 |   0.0 |       0 |       9 |   0.0 |   872
        Lair:4 |     187 |   11790 |   1.6 |       1 |      41 |   2.4 |  1020
        Lair:5 |    4221 |    8290 |  33.7 |       9 |      28 |  24.3 |  1060
        Lair:6 |    1366 |   15371 |   8.2 |       7 |      71 |   9.0 |   929
               +---------+---------+-------+---------+---------+-------+---------
